AoeStats
← chengyenfa

Arabia

509122040Analyzed
1v1 RM · 8d ago on Sep 25, 2026· 46m 49s· 2 players
Game mode
Random Map
Map size
Tiny (2 player)
Population
200
Speed
Normal
Resources
Standard
Victory
Conquest
Starting age
Dark Age
Ending age
Imperial Age
RankedLock teamsTeams togetherTeam positionsShared explorationLock speedFull tech treeHidden civsTurbo modeCheats
Victory
Defeat
🇹🇼 Sicilians · Taiwan
1285
+15
🇨🇳 Byzantines · China
1262
-15
ruling-dg
6:06 Loom
9:11 Feudal Age
11:40 Double-Bit Axe
11:37 Horse Collar
15:18 Fletching
22:37 Castle Age
21:24 Gold Mining
22:00 Padded Archer Armor
23:24 Bodkin Arrow
24:14 Elite Skirmisher
26:28 Ballistics
26:27 Leather Archer Armor
26:52 Bow Saw
31:20 Imperial Age
30:04 Scale Mail Armor
30:06 Squires
31:36 Heavy Plow
32:05 Chain Mail Armor
32:28 Forging
33:23 Chemistry
33:10 Wheelbarrow
34:33 Plate Mail Armor
35:20 Elite Varangian Guard
39:46 Conscription
41:03 Arson
45:51 Crop Rotation
46:21 Two-Man Saw
45:35 Bracer
chengyenfa
5:59 Loom
8:42 Feudal Age
9:23 Double-Bit Axe
9:35 Horse Collar
13:26 Town Watch
16:13 Fletching
17:59 Wheelbarrow
20:56 Castle Age
19:20 Gold Mining
19:53 Padded Archer Armor
21:07 Crossbowman
21:44 Bodkin Arrow
22:58 Bow Saw
23:47 Heavy Plow
27:13 Ballistics
27:09 Scale Mail Armor
33:42 Imperial Age
31:59 Leather Archer Armor
31:38 Stone Mining
32:32 Masonry
34:07 Forging
34:13 Chain Mail Armor
35:18 Bracer
35:47 Hand Cart
37:13 Chemistry
36:36 Arbalester
39:03 Scale Barding Armor
40:18 Iron Casting
39:41 Light Cavalry
40:31 Bloodlines
40:22 Husbandry
41:03 Chain Barding Armor
43:40 Plate Barding Armor
44:10 Cavalier
45:54 Blast Furnace
Connection lost

Rejoining the realm…

Still unreachable

The connection could not be restored.

Session expired

The server has moved on; the page needs a fresh start.